 Dungeon Crawl Stone Soup version 0.27.1-33-g824d729ab1 (webtiles) character file.

Game seed: 5874575394518086016

3448 Destapler the Cleaver (level 10, 0/135 HPs)
             Began as a Hill Orc Fighter on Dec 27, 2021.
             Was an Elder of Fedhas.
             Slain by a killer bee (6 damage)
             ... on level 8 of the Dungeon.
             The game lasted 00:26:43 (10755 turns).

Destapler the Cleaver (Hill Orc Fighter)           Turns: 10755, Time: 00:26:44

Health: 0/135      AC: 29    Str: 23    XL:     10   Next: 6%
Magic:  10/10      EV:  2    Int:  8    God:    Fedhas [****..]
Gold:   268        SH: 12    Dex: 10    Spells: 9/9 levels left

rFire    . . .     SeeInvis .   y - +2 long sword (vorpal)
rCold    . . .     Faith    .   c - +1 kite shield
rNeg     + + +     Spirit   .   (armour currently unavailable)
rPois    +         Reflect  .   (helmet currently unavailable)
rElec    .         Harm     .   (cloak currently unavailable)
rCorr    .         Rampage  .   (gloves currently unavailable)
Will     .....     NoTele   +   (boots currently unavailable)
Stlth    +.........             (no amulet)
HPRegen  0.32/turn              n - +4 ring of evasion
MPRegen  0.12/turn              z - +4 ring of protection

@: lethally poisoned (0 -> -5), tree-form (expiring), marked
A: stationary, stasis, torment immunity, boosted hp
a: Renounce Religion, Wall of Briars, Grow Ballistomycete, Overgrow


You were on level 8 of the Dungeon.
You worshipped Fedhas.
Fedhas was greatly pleased with you.
You were a tree.
You visited 1 branch of the dungeon, and saw 8 of its levels.

You collected 362 gold pieces.
You spent 94 gold pieces at shops.

Inventory:

Hand Weapons
 a - a +0 war axe
 m - the +7 falchion of Xuapougg {vorpal, rF+ Int+7 Dex-3}
   (You found it on level 7 of the Dungeon)

   It inflicts extra damage upon your enemies.
   Int:       It affects your intelligence (+7).
   Dex:       It affects your dexterity (-3).
   rF:        It protects you from fire.
 q - a +2 falchion of draining
 y - a +2 vorpal long sword (weapon)
Missiles
 d - 12 poisoned darts
 w - 3 atropa-tipped darts
Armour
 b - a +0 scale mail (melded)
 c - a +1 kite shield (worn)
 o - a +1 cloak of poison resistance (melded)
Jewellery
 n - a +4 ring of evasion (left branch)
 z - a +4 ring of protection (right branch)
Wands
 e - a wand of polymorph (9) (quivered)
 t - a wand of digging (4)
 v - a wand of acid (8)
Scrolls
 g - 2 scrolls of enchant armour
 h - 2 scrolls of identify
 i - a scroll of magic mapping
 k - a scroll of holy word
 l - a scroll of blinking
 p - a scroll of noise
 r - a scroll of immolation
Potions
 j - 2 potions of heal wounds


   Skills:
 + Level 8.9 Fighting
 + Level 9.2 Axes
 - Level 3.0 Throwing
 + Level 8.1 Armour
 + Level 8.1 Shields


You had 9 spell levels left.
You didn't know any spells.
Your spell library contained the following spells:

 Spells                   Type           Power      Damage    Failure   Level
 Blink                    Tloc           N/A        N/A       85%         2
 Inner Flame              Hex/Fire       0%         N/A       97%         3
 Lesser Beckoning         Tloc           0%         N/A       97%         3
 Cause Fear               Hex            0%         N/A       100%        4
 Manifold Assault         Tloc           0%         N/A       100%        5
 Discord                  Hex            0%         N/A       100%        8


Dungeon Overview and Level Annotations

Branches:
Dungeon (8/15)             Temple (0/1) D:4            Lair (0/6) D:8

Altars:
Fedhas
Kikubaaqudgha
Makhleb
Nemelex Xobeh
Wu Jian
Xom

Shops:
D:2 [   D:5 *

Annotations:
D:8 Pikel


Message History

Unknown command.
Unknown command.
You hit the killer bee.
You kill the killer bee!
Fedhas appreciates your contribution to the ecosystem.
You block the killer bee's attack.
The killer bee stings you but does no damage. x2
You swing at nothing.
You block the killer bee's attack. x2
You miss the killer bee. You block the killer bee's attack. x3
The killer bee stings you.
* * * LOW HITPOINT WARNING * * *
The killer bee barely misses you.
Pikel the Slaver comes into view.
He is wielding a +1 whip of flaming and wearing a +2 robe of positive energy.
The killer bee stings you but does no damage.
You miss the killer bee. You block the killer bee's attack.
The killer bee stings you but does no damage.
The killer bee barely misses you. You block the killer bee's attack.
The killer bee barely misses you.
The killer bee stings you but does no damage.
You closely miss the killer bee. You block the killer bee's attack.
The killer bee stings you.
* * * LOW HITPOINT WARNING * * *
The killer bee stings you.
* * * LOW HITPOINT WARNING * * *
You are poisoned.
The killer bee poisons you!
The killer bee stings you but does no damage.
The killer bee stings you.
* * * LOW HITPOINT WARNING * * *
The killer bee stings you but does no damage.
You closely miss the killer bee.
Your transformation is almost over.
You feel very sick. You block the killer bee's attack.
The killer bee stings you but does no damage.
You block the killer bee's attack. The killer bee stings you.
* * * LOW HITPOINT WARNING * * *
The killer bee stings you.
You die...
Fedhas appreciates your contribution to the ecosystem.

*,,* *,,***,,*,** **,**
*,,+,**,,,** **,**
****,,***,*,,** **,,*
***,,,,,**,,**,,* ,,,**
*,,****,*,,,***,, ,,******* *,,*
*,,,,,+∩**, ,,,,,,,,** *,,**
*,*,,,***,,
,,,,***,,**#######,,***,**,,**,,,
*,,** **,,*#...y♣#*,,**,***,*,,*,
*,,*****,...####y##*,,,,+,**,,*,,
**,,,,,,,,,** ##y##**,,***,,,,,*
*******,,** #zy# **,**,,,,***
**,,* ##z# *,*,,**,* ** *,,*##
###z# *,,,,,,,* ,* **,,.###..K#
*,,,,**** ,* #...s.....# **,*,,*
,* ##zz.######**,,,,**


You could see Pikel, 4 killer bees and 3 wights.

Vanquished Creatures
  A wolf spider (D:8)
  6 yaks
  Duvessa (D:6)
  2 orc warriors
  2 black bears
  3 ogres
  A bullfrog (D:7)
  A scorpion (D:5)
  Dowan (D:6)
  8 killer bees
  A crimson imp (D:4)
  2 centaur zombies
  3 hounds
  5 orc priests
  Crazy Yiuf (D:5)
  Jessica (D:2)
  A centaur skeleton (D:6)
  3 iguanas
  Natasha (thrice) (D:1)
  5 orc wizards
  A hound zombie (D:5)
  4 gnolls
  6 adders
  A shadow imp (D:6)
  A white imp (D:5)
  3 ufetubi
  2 adder skeletons (D:4)
  A worm (D:2)
  A dart slug (D:4)
  16 orcs
  6 bats
  5 endoplasms
  4 giant cockroaches
  5 goblins
  5 hobgoblins
  6 jackals
  4 quokkas
  4 ball pythons
  2 frilled lizards
  7 kobolds
  12 rats
147 creatures vanquished.

Notes
Turn   | Place    | Note
-------+----------+-------------------------------------------
     0 | D:1      | Destapler the Hill Orc Fighter began the quest for the Orb.
     0 | D:1      | Reached XP level 1. HP: 19/19 MP: 1/1
    81 | D:1      | Reached XP level 2. HP: 27/27 MP: 2/2
   102 | D:1      | Reached skill level 3 in Axes
   177 | D:1      | Found a faded altar of an unknown god.
   191 | D:1      | Became a worshipper of Fedhas Madash
   191 | D:1      | Reached * piety under Fedhas
   425 | D:1      | Reached XP level 3. HP: 33/33 MP: 3/3
   948 | D:2      | Noticed Natasha
  1263 | D:1      | Killed Natasha
  1452 | D:1      | Found a blossoming altar of Fedhas.
  1945 | D:1      | Noticed Natasha
  1950 | D:1      | Killed Natasha
  1951 | D:1      | Reached XP level 4. HP: 37/41 MP: 4/4
  2018 | D:1      | Found a blossoming altar of Fedhas.
  2339 | D:1      | Noticed Natasha
  2348 | D:1      | Killed Natasha
  2831 | D:1      | Found a blossoming altar of Fedhas.
  3330 | D:2      | Reached skill level 4 in Axes
  3416 | D:2      | Reached ** piety under Fedhas
  3417 | D:2      | Reached XP level 5. HP: 47/47 MP: 5/5
  3435 | D:2      | Noticed Jessica
  3463 | D:2      | Killed Jessica
  3516 | D:2      | You fall into a shaft and drop 2 floors!
  3686 | D:2      | Found Dasetoos's Antique Armour Boutique.
  3689 | D:2      | Bought a buckler for 94 gold pieces
  4640 | D:4      | Reached skill level 5 in Fighting
  4745 | D:4      | Reached XP level 6. HP: 48/56 MP: 6/6
  4794 | D:4      | Found a staircase to the Ecumenical Temple.
  5323 | D:4      | Reached skill level 5 in Axes
  5789 | D:4      | Found a shimmering altar of Xom.
  5789 | D:4      | Found a burning altar of Makhleb.
  5797 | D:4      | Reached skill level 5 in Shields
  5878 | D:5      | Entered Level 5 of the Dungeon
  5902 | D:5      | Reached *** piety under Fedhas
  5903 | D:5      | Reached skill level 5 in Armour
  5903 | D:5      | Reached XP level 7. HP: 54/61 MP: 7/7
  5986 | D:5      | Reached skill level 1 in Throwing
  6059 | D:5      | Found a runed translucent door.
  6060 | D:5      | Noticed Crazy Yiuf
  6067 | D:5      | Killed Crazy Yiuf
  6362 | D:5      | Found Ughameg's General Store.
  7144 | D:6      | Reached skill level 6 in Axes
  7154 | D:6      | HP: 1/63 [killer bee (5)]
  7156 | D:6      | Reached XP level 8. HP: 29/70 MP: 8/8
  7607 | D:6      | Found an ancient bone altar of Kikubaaqudgha.
  8074 | D:6      | Found an ornate altar of the Wu Jian Council.
  8391 | D:6      | Reached skill level 7 in Axes
  8687 | D:7      | Noticed Duvessa
  8687 | D:7      | Noticed Dowan
  8718 | D:6      | Killed Dowan
  8741 | D:6      | Killed Duvessa
  9051 | D:7      | Noticed a yak
  9052 | D:7      | Noticed a yak
  9054 | D:7      | Noticed a yak
  9056 | D:7      | Noticed a yak
  9058 | D:7      | Noticed a yak
  9060 | D:7      | Noticed a yak
  9063 | D:7      | Killed a yak
  9064 | D:7      | Reached XP level 9. HP: 70/79 MP: 9/9
  9526 | D:7      | Found a sparkling altar of Nemelex Xobeh.
  9643 | D:6      | Reached skill level 8 in Axes
  9958 | D:7      | Reached **** piety under Fedhas
 10390 | D:7      | Identified the +7 falchion of Xuapougg {vorpal, rF+ Int+7
                  | Dex-3}
 10716 | D:8      | Noticed Harold
 10721 | D:8      | Noticed Harold
 10721 | D:8      | Harold changed into Harold the wolf spider
 10738 | D:8      | Killed Harold the wolf spider
 10739 | D:8      | Reached skill level 9 in Axes
 10739 | D:8      | Reached XP level 10. HP: 44/90 MP: 10/10
 10752 | D:8      | Noticed Pikel
 10755 | D:8      | HP: 6/135 [killer bee (4)]
 10755 | D:8      | Slain by a killer bee

Illustrated notes

Levels and vault maps discovered:
D:1:      dpeg_arrival_prison, layout_loops_ring,
          hellmonk_ecumenical_altar_arch_garden
D:2:      layout_rooms, serial_shops, nicolae_shop_behind_doors, uniq_jessica,
          uniq_natasha
D:3:      layout_loops_ring
D:4:      layout_basic, grunt_temple_overflow_champion_of_chaos,
          temple_fountains, minivault_26, kennysheep_cluttered_room
D:5:      layout_cave_pools, serial_shops, nicolae_lakefront_shop,
          uniq_crazy_yiuf_cottage
D:6:      layout_layer_cave, nicolae_wu_jian_wuxing_cycle, marbit_many_paths
D:7:      layout_cave_pods, mainiacjoe_overflow_boulevard, uniq_duvessa
D:8:      layout_layer_cave, david_lair_shrubbed, nicolae_ossuary_entry_giza,
          minivault_27, minivault_21, uniq_harold, uniq_pikel

Skill      XL: |  1  2  3  4  5  6  7  8  9 |
---------------+----------------------------+-----
Axes           | 3 4 5 6 7 9 |  9.2
Fighting       | 4 5 6 7 8 |  8.9
Shields        | 4 5 6 8 |  8.1
Armour         | 4 5 6 8 |  8.1
Throwing       | 2 3 |  3.0

Action                   |  1- 3 |  4- 6 |  7- 9 | 10-12 || total
-------------------------+-------+-------+-------+-------++-------
Melee: War axe           |    82 |   167 |    69 |       ||   318
       Long sword        |       |       |   149 |    16 ||   165
       Falchion          |       |       |    24 |       ||    24
Throw: Dart              |       |    41 |    67 |       ||   108
       Boomerang         |       |       |     5 |       ||     5
Invok: Wall of Briars    |       |     1 |     2 |       ||     3
Evoke: Wand              |       |       |    10 |       ||    10
  Use: Scroll            |     4 |     1 |    10 |       ||    15
       Potion            |     1 |     1 |     4 |       ||     6
Armor: Scale mail        |    44 |    82 |   120 |       ||   246
       Skin              |       |       |     7 |    36 ||    43
Dodge: Dodged            |    29 |    72 |   174 |     5 ||   280
Block: Kite shield       |    43 |    27 |   252 |    32 ||   354
       Buckler           |       |    35 |       |       ||    35
       Rpst.: Long sword |       |       |    25 |       ||    25
       Falchion          |       |       |     8 |       ||     8
